← All builds
Geo / Armada / Economy first / OBSERVED BUILD

Stormbringer bombers

Armada Geo build order · Supreme Isthmus

Geo pivots to T1 air bombers from around 7:10, well before the role norm, pushing Stormbringers forward with fighters and scouts to fight in the enemy base and middle before transitioning back to the usual T2 economy.

Usually blows up the commander for T2 (69%)

#air #push · 158 distinct matches · 44 players · 6% of Armada Geo games · team won 70% of 163 · Recently observed

THE CATCH, AND WHAT COMES WITH IT
  • StormbringerT1 air bombers from 7:25 · 10% of role by thenFrom the Aircraft Plant. Only 10% of Geo games have it by then; others who build it get it around 7:42
  • Aircraft PlantAircraft Plant in 99%17% of all Geo games by then
  • FalconFighter in 80%11% of all Geo games by then
  • FalconFighter in 45%7% of all Geo games by then

Started with Stormbringer (98%), Whirlwind (2%).

Where those units first fight, in 157 games with kill data: in the enemy base 54%, in the middle 44%.

Those units destroy a typical 2,490 metal of enemy units by 15:00.

Then transitions into Starlight (21% of army), Jaguar (10% of army), fighter (9% of army).

HOW TO PLAY IT

Key timing: Stormbringer bombers by 7:15

  1. Open Bot Lab and geo as usual, then add an Aircraft Plant very early.
  2. Get the Geothermal Powerplant up on the normal fast schedule.
  3. Finish the Aircraft Plant well ahead of the role's usual pace.
  4. Push T1 bombers led by Stormbringer straight into the enemy base.
  5. Switch into the usual T2 constructor and Starlight work for the team.

Phase by phase

TYPICAL OF ITS 158 GAMES · AGAINST STANDARD GEO
  1. 1
  2. 2
  3. 3
  4. 4
  5. 5
  6. 6
PLAY THE OPENING

Follow the example game's first 8:26 step by step: what to build now, what comes next, and where it goes. At 1× it keeps pace with your own game.

  1. 1

    Up to the Bot Lab

    Economy
    • Metal Extractor3Mex
    • Wind Turbine4Wind
    Order
    1. Bot LabBot Lab after 3 mex, 4 winddone ~1:15, middle half 0:55–1:23

    By 0:59 in all: 3 mex · 4 wind

    The example game in this phase · 7 steps
    1. Mex ×2
    2. Wind
    3. SentrySentry
    4. Mex
    5. Wind ×3
    6. Energy storage
    7. Bot LabBot Labdone 1:44 · typical 1:15
  2. 2

    Bot Lab to 5:00

    Economy
    • Metal Extractor1Mex
    • Wind Turbine2Wind
    • Energy Converter7Converter
    • Energy Storage1Energy storage
    Order
    1. Geothermal PowerplantGeo after 4 mex, 4 wind, 1 energy storage
    2. Bot LabEat Bot Lab
    Builders
    • Construction Turret5 Con turret
    • Lazarus5 Lazarus
    • Construction Bot2 Con bot
    • Lazarus1 Lazarus for allies
    • Construction Bot1 Con bot for allies

    By 5:00 in all: 4 mex · 6 wind · 1 geo · 7 converter · 1 energy storage · 5 con turret

    The example game in this phase · 22 steps
    1. LazarusLazarus
    2. Construction BotCon botfor Pond
    3. LazarusLazarusfor Pond
    4. Construction BotCon botfor Beach sea
    5. LazarusLazarus ×2
    6. LazarusLazarusfor Pond
    7. Construction BotCon bot
    8. Mex
    9. Construction BotCon bot
    10. LazarusLazarus
    11. Geothermal PowerplantGeodone 3:49 · typical 3:24
    12. LazarusLazarus
    13. Con turret
    14. Converter
    15. Bot LabEat Bot Labreclaimed for its metal
    16. Con turret ×2
    17. Mexfor Beach sea
    18. Converter
    19. Con turret ×2
    20. Converter ×5
    21. Con turret
    22. Converter ×3
  3. 3

    5:00 to T1 air bombers

    Economy
    • Wind Turbine2Wind+2 vs standard
    • Energy Converter2Converter
    Order
    1. Advanced Geothermal PowerplantAdvanced Geothermal Powerplant after 8 wind, 10 converter, 7 con turret
    2. Aircraft PlantAircraft Plant after 10 wind, 11 converter, 7 con turret
    3. StormbringerT1 air bombers after 9 wind, 12 converter, 8 con turret
    Builders
    • Construction Turret2 Con turret

    By 7:25 in all: 4 mex · 9 wind · 1 geo · 1 Advanced Geothermal Powerplant · 12 converter · 1 energy storage

    The example game in this phase · 33 steps
    1. Converter ×2
    2. Con turret
    3. Converter
    4. Radar TowerRadar Tower
    5. Converter ×2
    6. SentrySentry
    7. Converter ×2
    8. Advanced Metal ExtractorT2 mex ×2done 6:01 · typical 5:33
    9. Converter
    10. Wind
    11. SentrySentry
    12. Advanced Metal ExtractorT2 mex
    13. SentrySentry
    14. Wind ×5
    15. Advanced Metal ExtractorT2 mex
    16. Wind
    17. SentrySentry
    18. PrudePrudedone 7:09
    19. Wind
    20. Con turret
    21. Wind
    22. Con turret
    23. Construction VehicleCon vehicle
    24. Wind
    25. GroundhogGroundhog
    26. Wind
    27. GroundhogGroundhog
    28. Wind ×6
    29. Vehicle PlantEat Vehicle Plantreclaimed for its metal
    30. Wind
    31. Aircraft PlantAircraft Plantdone 7:43 · typical 7:17
    32. Wind
    33. StormbringerBomberdone 7:46
  4. 4

    T1 air bombers to Vehicle Plant

    Order
    1. Vehicle PlantVehicle Plant after 13 wind, 12 converter, 8 con turretdone ~8:46, middle half 7:56–9:26
    Army
    • Stormbringer14 Bomber +14 vs standard

    Some games also: fighter (45%) · con turret (40%) · wind (35%) · converter (34%)

    By 8:37 in all: 4 mex · 14 wind · 1 geo · 1 Advanced Geothermal Powerplant · 13 converter · 1 energy storage

    The example game in this phase · 1 step
    1. Vehicle PlantVehicle Plantdone 7:12 · typical 8:46
  5. 5

    Vehicle Plant to Advanced Vehicle Plant

    Order
    1. Advanced Vehicle PlantAdvanced Vehicle Plant after 16 wind, 15 converter, 9 con turretdone ~9:57, middle half 9:27–10:45
    Builders
    • Construction Vehicle1 Con vehicle

    Some games also: fighter (44%) · bomber (36%) · wind (31%)

    By 9:34 in all: 4 mex · 17 wind · 1 geo · 1 Advanced Geothermal Powerplant · 15 converter · 1 energy storage

    The example game in this phase · 85 steps
    1. Wind
    2. BeholderBeholder
    3. Light MineLight Mine
    4. StormbringerBomber
    5. Light MineLight Mine
    6. Wind
    7. StormbringerBomber
    8. Light MineLight Mine
    9. Wind
    10. StormbringerBomber
    11. Light MineLight Mine
    12. Wind
    13. StormbringerBomber
    14. Light MineLight Mine
    15. StormbringerBomber
    16. Light MineLight Mine
    17. Wind ×2
    18. StormbringerBomber
    19. Light MineLight Mine
    20. BeholderBeholder
    21. Wind
    22. StormbringerBomber
    23. Light MineLight Mine
    24. Wind ×2
    25. StormbringerBomber
    26. Light MineLight Mine
    27. Wind
    28. Light MineLight Mine
    29. Advanced Metal ExtractorT2 mex
    30. StormbringerBomber
    31. Wind
    32. Light MineLight Mine
    33. Wind
    34. StormbringerBomber
    35. Wind
    36. BeholderBeholder
    37. Light MineLight Mine
    38. StormbringerBomber
    39. Wind ×2
    40. StormbringerBomber
    41. Light MineLight Mine ×2
    42. Wind ×2
    43. StormbringerBomber
    44. Wind
    45. Light MineLight Mine
    46. Wind
    47. StormbringerBomber
    48. Wind
    49. Light MineLight Mine
    50. Wind
    51. Light MineLight Mine
    52. Wind
    53. FalconFighter
    54. Light MineLight Mine
    55. BeholderBeholder
    56. FalconFighter
    57. Wind ×2
    58. Light MineLight Mine
    59. FalconFighter
    60. Wind
    61. FalconFighter
    62. Light MineLight Mine
    63. Wind
    64. FalconFighter
    65. Wind
    66. Light MineLight Mine
    67. Wind
    68. FalconFighter
    69. Light MineLight Mine
    70. Wind
    71. FalconFighter
    72. Light MineLight Mine
    73. Wind
    74. FalconFighter
    75. Wind
    76. BeholderBeholder
    77. Light MineLight Mine
    78. FalconFighter
    79. Wind
    80. FalconFighter
    81. Light MineLight Mine
    82. Wind
    83. Light MineLight Mine ×2
    84. Aircraft PlantEat Aircraft Plantreclaimed for its metal
    85. Advanced Vehicle PlantAdvanced Vehicle Plantdone 10:01 · typical 9:57
  6. 6

    Advanced Vehicle Plant to 15:00

    Economy
    • Wind Turbine8Wind−8 vs standard
    • Energy Converter2Converter+2 vs standard
    Order
    1. Aircraft PlantEat Aircraft Plant
    2. Vehicle PlantEat Vehicle Plant in 74% of games
    Army
    • Starlight2 Starlight
    • Umbra1 Jammer
    • Prophet1 Radar vehicle

    Some games also: con turret (49%) · Jaguar (48%) · T2 con vehicle for allies (37%) · T2 con vehicle (34%)

    The standard build makes here, this one skips: 5 Jaguar

    By 15:00 in all: 4 mex · 30 wind · 1 geo · 1 Advanced Geothermal Powerplant · 20 converter · 1 energy storage

    The example game in this phase · 72 steps
    1. Wind ×2
    2. Light MineLight Mine
    3. Wind
    4. Light MineLight Mine
    5. Wind
    6. Light MineLight Mine
    7. Wind
    8. Light MineLight Mine
    9. Wind ×2
    10. Light MineLight Mine ×5
    11. Wind
    12. MauserMauser
    13. Wind
    14. Light MineLight Mine ×3
    15. Wind
    16. MauserMauser
    17. Wind
    18. Light MineLight Mine ×4
    19. MauserMauser
    20. Light MineLight Mine
    21. Wind
    22. Light MineLight Mine ×3
    23. MauserMauser
    24. Light MineLight Mine ×2
    25. Wind
    26. Light MineLight Mine
    27. BeamerBeamer
    28. MauserMauser
    29. Light MineLight Mine
    30. Wind
    31. Light MineLight Mine
    32. MauserMauser
    33. Wind
    34. Light MineLight Mine ×2
    35. BeamerBeamer
    36. MauserMauser
    37. Light MineLight Mine
    38. Wind
    39. UmbraJammer
    40. ProphetRadar vehicle
    41. StarlightStarlightdone 11:13 · typical 10:49
    42. Light MineLight Mine ×5
    43. Wind
    44. Light MineLight Mine
    45. Wind
    46. StarlightStarlight
    47. Wind ×4
    48. StarlightStarlight
    49. Wind ×5
    50. StarlightStarlight
    51. Wind ×7
    52. StarlightStarlight
    53. Wind ×8
    54. StarlightStarlight
    55. Wind ×7
    56. StarlightStarlight
    57. Wind ×7
    58. StarlightStarlight
    59. Wind ×8
    60. StarlightStarlight
    61. Wind ×5
    62. UmbraJammer
    63. ProphetRadar vehicle
    64. ShredderShredderdone 14:27
    65. Wind ×2
    66. ShredderShredder
    67. Wind ×2
    68. ShredderShredder
    69. Wind ×3
    70. StarlightStarlight
    71. Wind ×5
    72. Bot LabBot Labnot finished by 15:00

Counts are medians over the build's games: half of them build more, half fewer. The example game is Viltrum's (40 OS, 07/10/2026); pick another.

Team trades

IN AT LEAST 30% OF ITS GAMES

You hand over

  • Lazarus1 Lazarus to Beach seafirst at 2:23 · in 77% of games
  • Construction Bot1 Con bot to Beach seafirst at 2:31 · in 90% of games
  • Advanced Construction Vehicle1 T2 con vehicle to Front or Suicide frontfirst at 10:42 · in 37% of games

You get

  • Hercules1 Light transport from Airfirst at 4:22 · in 50% of games
  • Advanced Construction Bot1 T2 con bot from Techfirst at 4:50 · in 98% of games
  • Valiant11 Valiant from Airfirst at 8:47 · in 50% of games

How it plays out

Typical game of this build against the role’s standard build, running totals by minute

  • This build
  • Standard geo

Metal produced

020k40k
0:005:0010:0015:00

metal

Enemy metal destroyed

05k10k15k
0:005:0010:0015:00

metal

Own metal lost

02k4k6k
0:005:0010:0015:00

metal

163 games.

Show as table
ByMetal produced: This buildMetal produced: Standard geoEnemy metal destroyed: This buildEnemy metal destroyed: Standard geoOwn metal lost: This buildOwn metal lost: Standard geo
1:003423330000
2:008638550000
3:00151115270000
4:00270526720000
5:00372936950000
6:00574556430000
7:00816080250000
8:0010979113430000
9:0013871144060436384
10:00170001728017954801324200
11:001984420125351017452826520
12:0023137230014391361433851608
13:0025860257395644582637352980
14:0028777285897375822246704440
15:00312563136088411017257135610
WHAT THE NUMBERS SAY

Won far more often than the standard build and destroyed much more enemy metal by 10:00 despite heavier own losses.

  • + Destroyed 2819 enemy metal by 10:00 vs 534 standard.
  • + Won more often than the standard build (69% vs 54%).
  • − Own losses jump to 1857 by 10:00 vs just 260 standard.
  • − Metal production and 15:00 enemy metal destroyed both slightly trail standard.
THE EXAMPLE YOU ARE READING

Viltrum

40.1 OS · 07/10/2026

Open source match ↗

21 received units · includes a constructor
353 metal received · 167145 energy received

Allied construction assistance is unknown. Timings are observations, not a promise of solo reproducibility.

Typical milestones

Bot Lab1:15Middle 50%: 0:55–1:23 · n=163
Geothermal Powerplant3:24Middle 50%: 3:10–3:38 · n=163
Advanced Metal Extractor5:33Middle 50%: 5:18–6:00 · n=161
Advanced Geothermal Powerplant7:13Middle 50%: 6:51–7:33 · n=145
Aircraft Plant7:17Middle 50%: 6:52–7:37 · n=161
Vehicle Plant8:46Middle 50%: 7:56–9:26 · n=140
Advanced Vehicle Plant9:57Middle 50%: 9:27–10:45 · n=121
Starlight10:49Middle 50%: 10:05–11:44 · n=91

Played most by

PongoPygmaeus24games of this buildNutzz20games of this buildViltrum17games of this buildzeus_on_god13games of this buildIMBALANCED10games of this build